Map: Acropolis LE

Players

Nigrnog - Winner!

  • Race: Zerg Zerg
  • League: Silver
  • Spawn Location: 5:00

MooEsqoo

  • Race: Protoss Protoss
  • Spawn Location: 11:00

VOD

Have the link to the VOD?

Description

Time

  • Played on: Dec. 11, 2019, 5:06 p.m.
  • Length: 24:36
Show
View Real Time Build Order
Export as new Build Order

Nigrnog Zerg - Winner!

Build Orders: Hatch First, Lurkers 

Get SALT Encoding   

  12  0:01  Drone  
  13  0:08  Drone  
  14  0:16  Overlord  
  14  0:35  Drone x2  
  16  0:37  Drone  
  17  0:53  Hatchery  
  16  1:01  Drone x2  
  18  1:10  Drone  
  19  1:16  Spawning Pool  
  18  1:19  Drone  
  19  1:27  Extractor  
  18  1:34  Drone  
  19  1:46  Drone  
  20  1:54  Overlord  
  20  1:56  Hatchery  
  19  2:02  Drone  
  19  2:08  Queen  
  22  2:12  Drone  
  23  2:17  Queen  
  26  2:22  Drone  
  26  2:26  Overlord  
  26  2:30  Drone  
  26  2:33  Zergling x2  
  28  2:39  Drone  
  28  2:42  Zergling x2  
  30  2:44  Zergling x2  
  30  2:47  Metabolic Boost  
  31  3:00  Drone x2  
  33  3:07  Queen  
  33  3:08  Drone  
  33  3:11  Zergling x2  
  33  3:12  Zergling x4  
  39  3:27  Queen  
  39  3:30  Drone x2  
  39  3:31  Drone x2  
  39  3:32  Drone x2  
  47  3:36  Overlord  
  47  3:41  Zergling x4  
  49  3:47  Lair  
  49  4:01  Baneling Nest  
  48  4:06  Roach Warren  
  47  4:10  Drone  
  47  4:11  Drone x5  
  47  4:14  Spore Crawler  
  47  4:16  Spore Crawler  
  51  4:18  Spore Crawler  
  47  4:42  Spore Crawler  
  47  4:43  Spore Crawler  
  45  4:45  Drone  
  45  4:46  Drone x2  
  45  4:52  Glial Reconstitution  
  48  5:03  Zergling x6  
  48  5:04  Overlord x3  
  51  5:19  Hatchery  
  50  5:23  Hydralisk Den  
  50  5:26  Extractor  
  50  5:28  Extractor  
  47  5:29  Extractor  
  47  5:33  Drone x4  
  47  5:34  Extractor, Drone  
  50  5:38  Drone x5  
  50  5:41  Drone  
  56  5:44  Drone x2  
  58  5:54  Muscular Augments  
  58  6:06  Lurker Den  
  57  6:13  Overlord  
  57  6:14  Overlord  
  57  6:15  Drone x8  
  57  6:16  Drone  
  66  6:19  Overlord  
  66  6:29  Evolution Chamber  
  65  6:48  Hydralisk x4  
  65  6:53  Drone x4  
  77  7:01  Drone x2  
  77  7:02  Drone  
  77  7:04  Overlord x2  
  77  7:06  Grooved Spines, Drone x7  
  87  7:14  Hydralisk x2  
  91  7:16  Hydralisk  
  93  7:25  Drone x2  
  93  7:27  Queen  
  97  7:31  Drone x3  
  97  7:32  Drone  
  101  7:55  Drone x2  
  101  7:56  Drone x4  
  107  8:06  Spine Crawler  
  107  8:11  Spine Crawler  
  105  8:13  Spine Crawler  
  105  8:15  Spine Crawler  
  105  8:18  Spine Crawler  
  105  8:19  Spine Crawler  
  101  8:24  Spine Crawler  
  100  8:27  Spine Crawler  
  100  8:30  Spine Crawler  
  98  8:34  Spine Crawler x2  
  98  8:40  Spine Crawler  
  95  8:42  Spine Crawler  
  95  8:45  Drone x3  
  95  8:46  Drone x8  
  95  8:47  Drone x4  
  109  8:50  Roach x2, Hydralisk x3  
  109  8:53  Lurker x3  
  109  8:54  Lurker x4  
  126  9:03  Drone  
  126  9:05  Extractor  
  126  9:10  Extractor  
  125  9:35  Spine Crawler  
  125  9:37  Spine Crawler, Hydralisk x2  
  127  9:40  Overlord x7  
  127  9:41  Overlord x2  
  127  9:47  Spine Crawler  
  127  9:50  Spine Crawler  
  125  9:53  Spine Crawler  
  125  9:56  Spine Crawler  
  125  9:57  Spine Crawler x2  
  121  10:03  Spine Crawler  
  121  10:05  Spine Crawler  
  121  10:06  Spine Crawler  
  118  10:08  Spine Crawler  
  118  10:12  Spine Crawler  
  116  10:14  Drone x2  
  116  10:15  Drone x7  
  116  10:16  Drone  
  126  10:24  Roach x3  
  132  10:33  Hydralisk x4  
  140  10:41  Queen  
  140  10:42  Hatchery  
  141  10:43  Queen  
  141  10:45  Overseer x2  
  141  10:46  Overseer  
  143  10:51  Hydralisk  
  143  10:53  Hydralisk x2  
  143  10:54  Hydralisk  
  151  10:59  Drone, Hydralisk x2  
  151  11:01  Hydralisk  
  158  11:14  Hydralisk x4  
  158  11:15  Hydralisk x2  
  158  11:16  Queen  
  172  11:19  Queen  
  172  11:25  Spine Crawler  
  173  11:32  Hydralisk  
  173  11:33  Hydralisk x6  
  173  11:34  Spine Crawler  
  186  11:42  Roach x3  
  186  11:43  Roach x2, Hydralisk  
  198  11:52  Queen  
  200  11:59  Extractor  
  164  12:32  Hydralisk x4  
  164  12:33  Hydralisk x8  
  164  12:34  Hydralisk x5  
  183  12:54  Overlord  
  183  12:55  Overlord x4  
  183  13:07  Overlord  
  183  13:08  Overlord  
  183  13:17  Queen  
  183  13:18  Drone  
  188  13:20  Hydralisk x2  
  188  13:21  Hydralisk x3  
  188  13:25  Queen  
  195  13:46  Lurker x4  
  199  13:57  Spine Crawler  
  199  14:02  Spine Crawler  
  197  14:05  Spine Crawler  
  196  14:12  Spine Crawler  
  196  14:14  Spine Crawler x2  
  196  14:15  Spine Crawler x2  
  191  14:17  Spine Crawler  
  191  14:23  Drone x9  
  199  14:43  Spine Crawler  
  158  15:31  Zergling x4  
  158  15:32  Zergling x14  
  167  15:52  Zergling x6  
  170  16:13  Zergling x2  
  170  16:14  Zergling x8  
  159  16:37  Hydralisk x8  
  159  16:38  Hydralisk  
  151  17:13  Hydralisk x5  
  151  17:14  Hydralisk x4  
  158  17:36  Hydralisk x2  
  158  17:37  Hydralisk x4  
  168  17:45  Queen  
  170  18:00  Hydralisk x3  
  170  18:01  Hydralisk x3  
  182  18:08  Overlord  
  182  18:09  Drone x2  
  184  18:21  Hatchery  
  183  18:28  Hatchery  
  182  19:24  Hydralisk  
  182  19:25  Hydralisk x8  
  154  20:53  Hydralisk  
  154  20:54  Hydralisk x7  
  154  20:55  Hydralisk x7  
  152  21:16  Hydralisk x3  
  152  21:17  Hydralisk  
  128  21:37  Hydralisk x5  
  126  21:48  Hydralisk x3  
  132  22:01  Hydralisk x5  
  132  22:02  Hydralisk  
  144  22:09  Drone x2  
  144  22:10  Queen, Drone  
  144  22:12  Queen  
  151  22:29  Extractor  
  150  22:32  Extractor  
  150  22:35  Extractor  
  148  22:37  Hydralisk x3  
  148  22:38  Hydralisk x9  
  148  22:39  Hydralisk x3  
  178  23:00  Extractor  
  171  23:25  Hydralisk x9  
  171  23:26  Hydralisk x5  
  199  23:50  Evolution Chamber  
Show
View Real Time Build Order
Export as new Build Order

MooEsqoo Protoss 

Build Orders: 1 Gate Expand, Oracle Opening, Zealot Archon 

Get SALT Encoding   

  12  0:01  Probe  
  13  0:14  Probe  
  13  0:21  Pylon  
  14  0:26  Probe  
  15  0:41  Gateway  
  15  0:52  Probe (Chrono Boost)  
  15  0:55  Assimilator  
  16  1:03  Probe (Chrono Boost)  
  17  1:08  Probe (Chrono Boost)  
  18  1:20  Probe  
  19  1:26  Assimilator  
  19  1:30  Pylon  
  19  1:42  Nexus  
  19  1:45  Probe (Chrono Boost)  
  20  1:57  Probe (Chrono Boost)  
  21  2:02  Probe (Chrono Boost)  
  22  2:10  Cybernetics Core  
  22  2:15  Pylon  
  22  2:18  Probe  
  23  2:30  Probe  
  24  2:42  Probe  
  24  2:44  Stalker (Chrono Boost)  
  25  2:49  Stargate  
  27  2:51  Warp Gate  
  27  2:56  Probe x2  
  29  3:08  Probe x2  
  31  3:19  Shield Battery  
  31  3:21  Probe  
  31  3:22  Probe  
  33  3:28  Gateway  
  33  3:30  Oracle (Chrono Boost)  
  33  3:34  Probe x2, Stalker (Chrono Boost)  
  40  3:46  Probe x2  
  42  3:57  Pylon  
  42  3:59  Pylon, Probe x2  
  44  4:11  Probe x2  
  44  4:14  Oracle (Chrono Boost)  
  49  4:43  Stalker x2  
  50  4:46  Assimilator  
  50  4:49  Assimilator, Void Ray  
  50  4:52  Probe x2  
  56  4:58  Twilight Council  
  56  4:59  Forge  
  56  5:02  Gateway  
  56  5:04  Probe x2  
  56  5:05  Gateway  
  58  5:08  Gateway  
  58  5:16  Probe x2  
  58  5:18  Stalker x2  
  64  5:28  Probe x2  
  66  5:36  Pylon  
  66  5:40  Nexus  
  66  5:44  Charge (Chrono Boost)  
  66  5:45  Assimilator  
  66  5:47  Protoss Ground Weapons Level 1 (Chrono Boost), Assimilator  
  66  5:50  Probe x2  
  68  6:01  Templar Archives  
  68  6:02  Probe x2  
  70  6:04  Shield Battery  
  70  6:06  Shield Battery  
  70  6:10  Stalker x2  
  74  6:13  Sentry  
  76  6:22  Probe x2  
  78  6:40  Pylon  
  78  6:42  Pylon  
  78  6:52  Probe x3  
  81  6:54  Pylon  
  81  6:58  Pylon  
  81  7:03  High Templar x2  
  81  7:04  High Templar x2, Probe x2  
  81  7:05  Probe, Zealot  
  81  7:07  Archon  
  94  7:16  Probe, Shield Battery  
  94  7:20  Photon Cannon  
  94  7:21  Photon Cannon  
  95  7:24  Photon Cannon  
  95  7:28  Photon Cannon  
  95  7:30  Probe x2  
  95  7:31  Photon Cannon, Probe  
  95  7:34  Photon Cannon  
  98  7:42  Probe  
  98  7:43  Probe  
  100  7:44  Gateway  
  100  7:45  Gateway  
  100  7:49  Probe  
  100  7:50  Gateway  
  101  7:52  Gateway  
  101  7:54  Probe  
  101  7:55  Probe  
  101  7:58  Archon  
  103  7:59  High Templar  
  103  8:00  High Templar x3  
  103  8:01  Probe, Zealot  
  114  8:07  Probe x2  
  114  8:11  Archon  
  114  8:12  Archon  
  116  8:13  Void Ray  
  120  8:23  Photon Cannon  
  120  8:24  Shield Battery  
  120  8:26  Pylon  
  120  8:32  Pylon  
  120  8:34  Pylon  
  120  8:36  Pylon  
  120  8:38  Pylon  
  120  8:42  Pylon  
  120  8:45  Pylon  
  120  8:47  Pylon  
  120  8:48  Robotics Facility  
  123  8:55  High Templar x4  
  126  8:56  High Templar  
  126  8:59  Zealot x4  
  138  9:03  Void Ray  
  138  9:08  Archon x2  
  142  9:11  Photon Cannon  
  142  9:13  Photon Cannon  
  142  9:19  Protoss Ground Weapons Level 2 (Chrono Boost)  
  142  9:21  Shield Battery  
  142  9:32  Warp Prism (Chrono Boost)  
  144  9:48  High Templar x3  
  144  9:50  Zealot x4  
  144  9:51  Zealot x2  
  162  9:59  Archon  
  162  10:02  Archon  
  162  10:03  Immortal (Chrono Boost)  
  166  10:14  Pylon  
  166  10:16  Pylon  
  166  10:18  Pylon  
  166  10:20  Pylon, Zealot x5  
  176  10:44  High Templar x5  
  176  10:45  High Templar, Zealot x2  
  176  10:46  Zealot  
  176  10:48  Archon  
  176  10:49  Archon x2  
  194  11:09  Observer (Chrono Boost)  
  189  11:14  High Templar x2  
  189  11:17  Zealot x2  
  197  11:21  Archon  
  197  11:34  Observer (Chrono Boost)  
  197  11:36  Protoss Ground Weapons Level 3 (Chrono Boost)  
  198  11:46  Observer (Chrono Boost)  
  191  12:20  Zealot x7  
  191  12:21  Zealot  
  130  12:46  High Templar x2  
  130  12:47  High Templar x4  
  130  12:49  High Templar x2  
  130  12:50  Zealot  
  146  12:51  Psionic Storm, Archon x2  
  146  12:52  Archon  
  146  12:57  Archon  
  146  13:06  Observer  
  147  13:24  Zealot x5  
  147  13:25  Zealot x4  
  147  13:46  High Templar x5  
  147  13:47  Zealot  
  147  13:48  Zealot x3  
  160  13:50  Archon x2  
  160  14:19  High Templar x3  
  160  14:20  Zealot x2  
  160  14:21  Zealot x4  
  160  14:23  Archon  
  178  14:26  Archon  
  170  14:52  Zealot x5  
  170  14:53  Zealot x4  
  125  15:18  Observer (Chrono Boost)  
  126  15:23  Zealot x2  
  126  15:24  Zealot x5  
  126  15:25  Zealot x2  
  140  15:48  Fleet Beacon, Nexus  
  140  15:50  Stargate  
  140  15:55  Stargate  
  140  15:57  Zealot x4  
  140  15:58  Zealot x4  
  140  15:59  Zealot  
  84  16:34  High Templar  
  84  16:35  High Templar x6  
  84  16:36  High Templar x2  
  102  16:47  Archon x4  
  86  17:08  Stalker x4  
  75  17:10  Stalker x2  
  75  17:11  Stalker  
  75  17:12  Stalker  
  69  17:36  Stalker  
  71  17:39  Stalker x2  
  71  17:40  Zealot  
  71  17:41  Zealot x5  
  87  17:49  Assimilator  
  87  17:51  Assimilator  
  87  18:11  Nexus  
  87  18:12  Pylon  
  87  18:15  Pylon  
  87  18:19  Assimilator  
  87  18:23  Assimilator  
  93  18:35  Carrier (Chrono Boost)  
  93  18:45  Carrier (Chrono Boost)  
  99  19:09  Protoss Air Weapons Level 1 (Chrono Boost)  
  105  19:28  Carrier (Chrono Boost)  
  105  19:54  Zealot x4  
  105  19:55  Zealot x5  
  105  19:57  Carrier (Chrono Boost)  
  129  20:05  Probe (Chrono Boost)  
  131  20:14  Probe (Chrono Boost)  
  131  20:19  Probe (Chrono Boost)  
  138  20:21  Carrier (Chrono Boost)  
  138  20:31  Probe  
  106  20:43  Probe  
  106  20:45  Zealot x2  
  106  20:46  Zealot x2  
  106  20:47  Zealot x4  
  106  20:48  Zealot  
  87  21:11  Stalker x6  
  85  21:12  Stalker  
  65  22:21  Nexus  
  65  22:28  Probe  
  66  23:12  Nexus  
  66  23:16  Assimilator  
  66  23:18  Assimilator  
  66  23:35  Probe x4  
  70  23:47  Probe x3  
  79  24:00  Probe x4  
  83  24:12  Probe x3  
Tags
 
Add a new tag
Caveats
  • Supply blocks, unpowered buildings, or Contaminate may cause inaccurate times.
  • Supply counts are checked every 10 seconds.